Cogmind - Beta 16 @@@ ROGUE MODE // 2026.01.18 @ 17:47:28 Player: Lazz Result: Destroyed by G-47 Trooper with Particle Gun Performance ------------- Evolutions (2) 1000 Regions Visited (3) 600 Robots Destroyed (30) 150 Value Destroyed (856) 856 Prototype IDs (1) 20 Alien Tech Used (0) 0 Bonus (-60) -60 TOTAL SCORE: 2566 Bonus ------- Friendly Fire -60 Cogmind --------- Core Integrity 0/550 Matter 300/300 Energy 84/100 System Corruption 0% Temperature Cool (9) Movement Rolling (100) Location -8/Materials Parts ------- > --- POWER (1) -------- (None) > --- PROPULSION (4) --- Compact Wheel > --- UTILITY (4) ------ (None) > --- WEAPON (2) ------- (None) > --- INVENTORY (5) ---- Small Matter Pod (50) Improved Terrain Scanner Peak State ------------ > --- POWER ------------ Subdweller Power Source > --- PROPULSION ------- Cargo Legs > --- UTILITY ---------- Small Storage Unit Light Armor Plating > --- WEAPON ----------- Subdweller Laser Subdweller Beam Cannon > --- INVENTORY -------- Wheel Wheel Wheel Small Matter Pod Improved Terrain Scanner EM Pulse Gun Light Assault Rifle Grenade Launcher [Rating: 25] Favorites ----------- Power Light Ion Engine Engine Light Ion Engine Power Core Light Nuclear Core Propulsion Compact Wheel Treads Light Treads Leg Cargo Legs Wheel Compact Wheel Utility Small Storage Unit Device Improved Terrain Scanner Storage Small Storage Unit Protection Light Armor Plating Weapon Medium Laser Energy Gun Medium Laser Energy Cannon Subdweller Beam Cannon Ballistic Gun Light Assault Rifle Launcher Grenade Launcher Build | -11 -10 -10 -8 ------- Run | Yrd Mat Sub Mat Slots Evolved 4 | . . . 4 Power . | . . . . Propulsion 2 | . . . 2 Utility 2 | . . . 2 Weapon . | . . . . Parts Attached 29 | 7 . 9 13 Power 3 | 1 . 1 1 Engine 2 | 1 . 1 . Core 1 | . . . 1 Reactor . | . . . . Propulsion 9 | 2 . 1 6 Treads 1 | . . . 1 Leg 1 | . . 1 . Wheel 7 | 2 . . 5 Hover . | . . . . Flight . | . . . . Utility 5 | 2 . 2 1 Device 1 | 1 . . . Storage 1 | 1 . . . Processor . | . . . . Hackware . | . . . . Protection 3 | . . 2 1 Artifact . | . . . . Weapon 12 | 2 . 5 5 Energy Gun 7 | 1 . 3 3 Energy Cannon 1 | . . 1 . Ballistic Gun 3 | 1 . . 2 Ballistic Cannon . | . . . . Launcher 1 | . . 1 . Special Weapon . | . . . . Impact Weapon . | . . . . Slashing Weapon . | . . . . Piercing Weapon . | . . . . Special Melee Weapon . | . . . . Unidentified Prototypes 1 | . . 1 . Parts Lost 22 | . . 5 17 Power 2 | . . 1 1 Propulsion 7 | . . 1 6 Utility 4 | . . 2 2 Weapon 9 | . . 1 8 Highest Loss Streak 17 | . . 2 17 To Critical Strikes . | . . . . Average Backups 6 | 1 7 7 4 Power . | . . . . Propulsion 2 | . 3 3 2 Utility 2 | . 2 2 2 Weapon 2 | . 1 2 . Tool/Special . | . . . . Unused Backups 1 | . . . 1 Power . | . . . . Propulsion . | . . . . Utility 1 | . . . 1 Weapon . | . . . . Tool/Special . | . . . . Average Slot Usage (%) 70 | . 100 73 33 Engine 8 | . 14 9 . Leg 6 | . . 6 4 Wheel 11 | . 28 10 7 Device 1 | . 14 1 . Storage 11 | . 14 12 5 Protection 6 | . . 8 1 Energy Gun 11 | . 14 12 5 Energy Cannon 3 | . . 4 . Ballistic Gun 4 | . 14 4 5 Launcher 3 | . . 3 . Peak Build Rating 25 | 9 9 25 22 Average Rating 15 | 7 9 17 13 On Entrance 9 | . 9 9 20 Avg Prop Armor Cover (%) . | . . . . Naked Turns 3 | . . . 3 Heaviest Build 25 | 12 12 25 12 Greatest Support 55 | 32 32 55 55 Greatest Overweight (x) 1 | . . 1 . Average Overweight (x) . | . . . . Largest Inventory Capacity 8 | 8 8 8 8 Average Capacity 7 | 7 8 8 7 Most Carried 8 | 5 8 8 7 Average Carried 6 | 1 7 7 4 Final Capacity 8 | 8 8 8 5 Final Carried 8 | 5 8 7 2 Class Distribution -------------------- 100% | Mutant Dominant Class ---------------- Mutant | -10/Materials Mutant | -10/Subcaves Mutant | -8/Materials Resources | -11 -10 -10 -8 ----------- Run | Yrd Mat Sub Mat Matter Collected 767 | 345 . 258 164 Remotely . | . . . . Salvage Created 967 | 186 . 319 462 Parts 64 | 18 . 19 27 Haulers Intercepted . | . . . . Recyclers Shooed . | . . . . Parts Field Recycled . | . . . . Retrieved Matter . | . . . . Parts Self-Destructed 13 | . . 13 . Prevented . | . . . . Parts Restored . | . . . . Kills | -11 -10 -10 -8 ------- Run | Yrd Mat Sub Mat Combat Hostiles Destroyed 21 | . . 9 12 Guns 9 | . . 4 5 Cannons 1 | . . 1 . AOE 11 | . . 4 7 Classes Destroyed 11 | 3 . 3 5 Worker 2 | 2 . . . Builder 1 | . . . 1 Tunneler 4 | 4 . . . Recycler 2 | 1 . . 1 Swarmer 3 | . . . 3 Grunt 5 | . . . 5 Brawler 1 | . . . 1 Sentry 3 | . . . 3 Artisan 1 | . . 1 . Subdweller 9 | . . 9 . Scientist 1 | . . 1 . Best Kill Streak 12 | 3 . 2 12 Combat Bots Only 10 | . . 2 10 Max Kills in Single Turn 4 | 1 . 2 4 Gunslinging . | . . . . Exploded 4 | . . 2 4 Melee . | . . . . Uniques/NPCs Destroyed . | . . . . Combat | -11 -10 -10 -8 -------- Run | Yrd Mat Sub Mat Hostile Shots Fired 223 | . . 56 167 Missed 71 | . . 19 52 Hits 152 | . . 37 115 Projectile 152 | . . 37 115 Critical Strikes 10 | . . . 10 Damage Taken 2710 | . . 954 1756 Core 726 | . . 172 554 Absorbed by Shields . | . . . . Core Remaining (%) 65 | 100 . 31 . Volleys Fired 113 | 25 . 58 30 Largest 2 | 2 . 2 2 Hottest 140 | 70 . 140 85 Shots Fired 194 | 48 . 99 47 Gun 171 | 48 . 79 44 Cannon 6 | . . 6 . Launcher 17 | . . 14 3 Special . | . . . . Kinetic 85 | 25 . 35 25 Thermal 80 | 23 . 41 16 Explosive 17 | . . 14 3 Electromagnetic 12 | . . 9 3 Robot Hit Streak 23 | 6 . 23 8 Robot Miss Streak 2 | 2 . 2 2 Penetration Max . | . . . . Secondary Targets 3 | . . 1 2 Max Gunslinging Chain 1 | . . 1 1 Shots Hit Robots 107 | 26 . 46 35 Core Hits 58 | 11 . 18 29 Critical Kills . | . . . . Critical Parts Destroyed . | . . . . Critical Strikes 1 | 1 . . . Burn 1 | 1 . . . Melee Attacks . | . . . . Impact . | . . . . Slashing . | . . . . Piercing . | . . . . Sneak Attacks . | . . . . Combat Hostiles . | . . . . Follow-up Attacks . | . . . . Damage Inflicted 2464 | 285 . 1319 860 Guns 1178 | 285 . 484 409 Cannons 114 | . . 114 . Explosions 1172 | . . 721 451 Melee . | . . . . Ramming . | . . . . Kinetic 381 | 85 . 84 212 Thermal 896 | 200 . 514 182 Explosive 1172 | . . 721 451 Electromagnetic 15 | . . . 15 Impact . | . . . . Slashing . | . . . . Piercing . | . . . . Highest Corruption . | . . . . Average Corruption . | . . . . Corruption Purged . | . . . . Corruption Blocked . | . . . . Overload Shots . | . . . . Overflow Damage . | . . . . Projectiles . | . . . . Explosions . | . . . . Melee . | . . . . Knockbacks . | . . . . Impact . | . . . . Kinetic . | . . . . Secondary . | . . . . Self-Inflicted Damage 55 | . . 20 35 Shots 2 | . . 1 1 Rammed . | . . . . Targets Rammed . | . . . . Kicked . | . . . . Crushed . | . . . . Highest Temperature 170 | 170 . 111 119 Average Temperature 58 | 72 . 38 50 Received Heat Transfer 945 | . . 180 765 Siege Activations . | . . . . Martial Activations . | . . . . Shielding Activations . | . . . . Robots Disrupted . | . . . . Combat Hostiles . | . . . . Robots Corrupted . | . . . . Combat Hostiles . | . . . . Parts Fried . | . . . . Impact Corruptions . | . . . . Robots Melted . | . . . . Combat Hostiles . | . . . . Parts Melted 1 | 1 . . . Heat Transferred 1795 | 666 . 758 371 Parts Sabotaged . | . . . . Parts Stolen . | . . . . Parts Stripped . | . . . . Power Chain Reactions . | . . . . Alert | -11 -10 -10 -8 ------- Run | Yrd Mat Sub Mat Maximum Alert Level 1 | . . . 1 Low Security (%) 88 | 100 100 . 67 Level 1 11 | . . . 32 Level 2 . | . . . . Level 3 . | . . . . Level 4 . | . . . . Level 5 . | . . . . High Security . | . . . . Max Security . | . . . . Peak Influence 244 | 15 7 . 244 Initial . | . . . . Average 45 | 1 1 . 124 Influence Increases 386 | 35 7 . 344 Destroy 0b10 Robot/C 240 | . . . 240 Destroy 0b10 Robot/NC 45 | 35 . . 10 Destroy Leader 60 | . . . 60 Successful Hack 7 | . 7 . . Disable Machine 15 | . . . 15 Destroy Structure 19 | . . . 19 Influence Decreases 272 | 35 7 . 230 Time Decay 102 | 35 7 . 60 Lost Part 170 | . . . 170 Squads Dispatched . | . . . . Investigation . | . . . . Extermination . | . . . . Reinforcement . | . . . . Assault . | . . . . Garrison . | . . . . Intercept . | . . . . Searches Triggered . | . . . . Construction Impeded . | . . . . Haulers Reinforced . | . . . . Active Scanning Responses . | . . . . Cargo Convoy Interrupts . | . . . . Stealth | -11 -10 -10 -8 --------- Run | Yrd Mat Sub Mat Distress Signals 4 | . 1 . 3 Communications Jammed . | . . . . Distress Signals . | . . . . Times Spotted 29 | . 1 10 18 Peak Tracking Total 15 | . 2 3 15 Tactical Retreats . | . . . . Traps | -11 -10 -10 -8 ------- Run | Yrd Mat Sub Mat Traps Triggered 2 | . . 2 . Indirectly . | . . . . Trap Hack Attempts . | . . . . Triggered . | . . . . Disarmed . | . . . . Reprogrammed . | . . . . Reused . | . . . . Traps Extracted . | . . . . Installed . | . . . . Triggered . | . . . . Machines | -11 -10 -10 -8 ---------- Run | Yrd Mat Sub Mat Machines Disabled 1 | . . . 1 Max in Single Turn 1 | . . . 1 Machines Repaired . | . . . . Machines Dismantled . | . . . . Machines Sabotaged . | . . . . Overloaded Fab Kills . | . . . . Hacking | -11 -10 -10 -8 --------- Run | Yrd Mat Sub Mat Machines Accessed 1 | . 1 . . Terminals 1 | . 1 . . Fabricators . | . . . . Repair Stations . | . . . . Recycling Units . | . . . . Scanalyzers . | . . . . Garrison Access . | . . . . Total Hacks 3 | . 3 . . Successful 2 | . 2 . . Failed 1 | . 1 . . Catastrophic . | . . . . Database Lockouts . | . . . . Manual 3 | . 3 . . Terminals 3 | . 3 . . Fabricators . | . . . . Repair Stations . | . . . . Recycling Units . | . . . . Scanalyzers . | . . . . Garrison Access . | . . . . Terminal Hacks 2 | . 2 . . Part Schematic 1 | . 1 . . Robot Analysis 1 | . 1 . . Fabricator Hacks . | . . . . Repair Station Hacks . | . . . . Recycling Unit Hacks . | . . . . Scanalyzer . | . . . . Garrison Access Hacks . | . . . . Unauthorized Hacks . | . . . . Terminals . | . . . . Fabricators . | . . . . Repair Stations . | . . . . Recycling Units . | . . . . Scanalyzers . | . . . . Garrison Access . | . . . . Data Cores Recovered . | . . . . Used . | . . . . Hacking Detections 1 | . 1 . . Full Trace Events . | . . . . Feedback Events . | . . . . Feedback Blocked . | . . . . Robot Schematics Acquired . | . . . . Robots Built . | . . . . Authchips . | . . . . Time . | . . . . Total Robot Build Rating . | . . . . Part Schematics Acquired 1 | . 1 . . Parts Built . | . . . . Authchips . | . . . . Time . | . . . . Total Part Build Rating . | . . . . Part Studies Acquired . | . . . . Parts Repaired . | . . . . Time . | . . . . Parts Recycled . | . . . . Recycled Matter . | . . . . Retrieved Matter . | . . . . Retrieved Components . | . . . . Parts Scanalyzed . | . . . . Part Schematics Acquired . | . . . . Parts Damaged . | . . . . Bothacking | -11 -10 -10 -8 ------------ Run | Yrd Mat Sub Mat Used RIF Installer . | . . . . Robots Hacked . | . . . . Non-combat . | . . . . Combat . | . . . . Robot Hacks Applied . | . . . . Relay Couplers Released . | . . . . Fabnet Peak Effective % . | . . . . Robots Rewired . | . . . . Allies Hacked . | . . . . Hacks Repelled . | . . . . Allies | -11 -10 -10 -8 -------- Run | Yrd Mat Sub Mat Total Allies . | . . . . Largest Group . | . . . . Highest-Rated Group . | . . . . Highest-Rated Ally . | . . . . Total Orders . | . . . . Ally Attacks . | . . . . Total Damage . | . . . . Kills . | . . . . Allies Corrupted . | . . . . Allies Melted . | . . . . Intel | -11 -10 -10 -8 ------- Run | Yrd Mat Sub Mat Active Infowar (turns) 321 | 134 78 109 . Terrain 321 | 134 78 109 . Robot Analysis Total 1 | . 1 . . Derelict Logs Recovered 2 | . . 2 . Drone Launches . | . . . . Drone Recoveries . | . . . . Exploration | -11 -10 -10 -8 ------------- Run | Yrd Mat Sub Mat Turns Passed 1725 | 224 78 1258 165 Spaces Moved 1091 | 97 40 897 57 Core 8 | 5 . . 3 Treads 4 | . . . 4 Legs 519 | . . 479 40 Wheels 560 | 92 40 418 10 Hover . | . . . . Flight . | . . . . Fastest Speed 50 | 50 100 100 50 Average Speed 114 | 97 100 116 120 Slowest Speed 160 | 100 100 130 160 Overloaded Moves . | . . . . Propulsion Burnouts . | . . . . Robots Hopped . | . . . . Potential Cave-ins . | . . . . Cave-ins Triggered . | . . . . Exploration Rate (%) 19 | 5 8 55 10 Regions Visited 3 Branch Regions 1 Pre-discovered Areas 2 | . . 2 . Known Exits Taken . | . . . . Unknown Exits Taken 3 | 1 1 1 . Scrap Searched 3 | . . 3 . Spaces Dug . | . . . . Terrain Destroyed 72 | . . 55 17 Melee . | . . . . Projectile 1 | . . 1 . AOE 71 | . . 54 17 Terrain Rammed . | . . . . Walls Destroyed . | . . . . Machines Disabled . | . . . . Actions | -11 -10 -10 -8 --------- Run | Yrd Mat Sub Mat Total 1380 | 180 78 1017 105 Wait 131 | 47 36 45 3 Move 1088 | 96 39 896 57 Hop . | . . . . Pick Up 11 | 5 3 3 . Fast Attach 18 | 7 . 2 9 Attach 8 | . . 3 5 Detach . | . . . . Swap 6 | . . 5 1 Drop 5 | . . 5 . Fire 113 | 25 . 58 30 Melee . | . . . . Ram . | . . . . Kick . | . . . . Crush . | . . . . Escape Stasis . | . . . . Rewire . | . . . . Trap . | . . . . Miscellaneous . | . . . . Route ------- -11/Scrapyard -10/Materials -10/Subcaves -8/Materials (discovered 1 exit: Sto) History --------- Turn | Location | Event 21 | -11/Scrapyard | Discovered new exit (range 16) 225 | -11/Scrapyard | Entered Materials 297 | -10/Materials | Discovered new exit (range 7) 302 | -10/Materials | Build established: Mutant 303 | -10/Materials | Entered Subcaves 304 | -10/Subcaves | Approached by a straggling Scientist 309 | -10/Subcaves | Learned location of 1 exit from Materials 405 | -10/Subcaves | Ambushed by Subdwellers from Twisted Machinery 566 | -10/Subcaves | Shifting Twisted Machinery released Mak. System Restoration Module 586 | -10/Subcaves | Shifting Twisted Machinery released Flamer 763 | -10/Subcaves | A Subdweller sparked back to life 763 | -10/Subcaves | A Subdweller sparked back to life 763 | -10/Subcaves | A Subdweller sparked back to life 785 | -10/Subcaves | Found Prototype Leg 785 | -10/Subcaves | Identified Cargo Legs 786 | -10/Subcaves | Attached Cargo Legs, gained temporary slots: Utility x2 813 | -10/Subcaves | Learned location of Zion (-6) 813 | -10/Subcaves | Met a Zionite searching for "candidates" 1236 | -10/Subcaves | Ambushed by angry Subdweller bent on revenge 1345 | -10/Subcaves | Ambushed by Subdwellers from Twisted Machinery 1359 | -10/Subcaves | Core integrity fell below 50% 1509 | -10/Subcaves | A swath of the cavern ceiling suddenly collapsed 1527 | -10/Subcaves | Discovered new exit (range 9) 1561 | -10/Subcaves | Entered Materials 1561 | -8/Materials | Evolved 4 slots: Propulsion x2, Utility x2 1562 | -8/Materials | Identified exit to Storage 1662 | -8/Materials | Destroyed 10 combat bots 1663 | -8/Materials | Core integrity fell below 50% 1719 | -8/Materials | Core integrity fell below 20% 1726 | -8/Materials | Destroyed by G-47 Trooper with Particle Gun Last Messages --------------- 01711_ Acquired 3 matter. 01712_ Wheel destroyed. 01712_ U-05 Engineer lays Concrete. 01713_ Acquired 3 matter. 01713_ Wheel destroyed. 01713_ U-05 Engineer lays Concrete. 01714_ U-05 Engineer builds a Wall. 01715_ Acquired 3 matter. 01715_ U-05 Engineer lays Concrete. 01716_ Hvy. Assault Rifle destroyed. 01716_ U-05 Engineer lays Concrete. 01719_ Acquired Com. Wheel. 01720_ U-05 Engineer lays Concrete. 01721_ U-05 Engineer builds a Wall. 01722_ Critical hit (Burn: +37). 01722_ Acquired Com. Wheel. 01722_ U-05 Engineer lays Concrete. 01723_ Acquired 20 matter. 01725_ Com. Wheel destroyed. 01726_ U-05 Engineer lays Concrete. Map ----- +----------------------------------------------------+ | ?????????????????????????????????????????????????? | | ?????????????????????????????????????????????????? | | ?????????????????????????????????????????????????? | | ?????????????????????????????????????????????????? | | ?????????????????????????????????????????????????? | | ?????????????????????????????????????????????????? | | ?????????????????????????????????????????????????? | | ?????????????????????????????????????????????????? | | ?????????????????????????????????????????????????? | | ?????????????????????????????????????????????????? | | ?????????????????????????????????????????????????? | | ?????????????????????????????????????????????????? | | ?????????????????????????????????????????????????? | | ????????????????????????????? ???????????????????? | | ????????????????????????????? #??????????????????? | | ??????????????????????????##? #??????????????????? | | ?????????????????######### #? #??????????????????? | | ?????????????????? #? #??????????????????? | | ?????????????????? ] "" ## #####??????????????? | | ?????????????????# ""S # ???????????????? | | ?????????????????# """ "" # ????????????????? | | ?????????????????# """ + ?????????????????? | | ?????????????????# """ # #?????????????????? | | ??????????#? ????# # #?????????????????? | | ?????????## ???# ! a # #?????????????????? | | ?????????# ##### #@ # ##????????????????? | | ?????????# %! !g #????????????????? | | ?????????+ = %g #????????????????? | | ?????????# u%Y * #????????????????? | | ?????????# ######## #+### #????????????????? | | ??????????????????# %==# #????????????????? | | ??????????????????# !==# #????????????????? | | ??????????????????# % %%%% #????????????????? | | ??????????????????# """ =** #????????????????? | | ??????????????????# "" #????????????????? | | ??????????????????# """ #????????????????? | | ??????????????????# #????????????????? | | ??????????????????# !# #????????????????? | | ??????????????????########### #????????????????? | | ????????????????????????????# #????????????????? | | ?????????????????????######?# #????????????????? | | ?????????????????????# # #????????????????? | | ?????????????????????#""" # #????????????????? | | ?????????????????????#""" + #????????????????? | | ?????????????????????#""" # #????????????????? | | ?????????????????????# # #????????????????? | | ?????????????????????# ! ?# #####????????????? | | ?????????????????????######?# #????????????? | | ????????????????????????????# #????????????? | | ????????????????????????????# #????????????? | +----------------------------------------------------+ Best States ------------- Heat Dissipation 31 Energy Generation 15 Energy Capacity 200 Matter Stores 300 Matter Capacity 300 Sight Range 16 Terrain Scan Range 16 Terrain Scan Density 10 Armor Coverage 150 Evasion (%) 55 Recoil Reduction 1 Item Schematics ----------------- Grenade Launcher | -10/Materials | Hacked Robot Schematics ------------------ None Fabricated ------------ Nothing Repaired ---------- Nothing Studied --------- None Alien Tech Used ----------------- None Achievements -------------- None Challenges ------------ None Game ------ Seed HypervelocityColdFlail Manual? 0 Play Time 00:13:42 Cumulative 132.1 hours Start 2026.01.18 @ 17:35:55 End 2026.01.18 @ 17:47:28 Sessions 1 Manual Loads 0 Difficulty Rogue Special Mode None Game No. 190 Rogue 190 Adventurer 0 Explorer 0 Win Type - Total 1 Types 1/0/0/0/0/0/0/0/0/0 Lore% 63 Gallery% 58 Achievement% 42 Wizard Run 0 Options --------- Layout 2 ASCII 0 Keyboard 0 Movement Mouse Keybinds 0 Fullscreen 1 Font 24/Smallcaps Map View 50x44 Zoom Use 0% Tactical HUD 1 Map Filters NONE Filters NONE Steam 1 RUN: 7617f36f-2be7-475f-8829-71a0b4b629bb